 Dungeon Crawl Stone Soup version 0.31.0-12-g77e489cdc1 (webtiles) character file.

Game seed: 14322708228704815030

72 monsoonserge the Cutter (level 4, -11/23 HPs)
             Began as a Spriggan Monk on Feb 19, 2024.
             Killed by nerve-wracking pain
             ... invoked by an orc priest
              (13 damage)
             ... on level 3 of the Dungeon.
             The game lasted 00:06:43 (1859 turns).

monsoonserge the Cutter (Spriggan Monk)             Turns: 1859, Time: 00:06:45

Health: -11/23     AC:  3    Str:  7    XL:     4   Next: 6%
Magic:  5/5        EV: 18    Int: 11    God:
Gold:   25         SH:  5    Dex: 19    Spells: 3/3 levels left

rFire   . . .        a - +0 short sword
rCold   . . .        d - orb {light}
rNeg    . . .        e - +0 troll leather armour
rPois   .            (helmet restricted)
rElec   .            (no cloak)
rCorr   .            (gloves unavailable)
SInv    +            (boots unavailable)
Will    .....        g - amulet of reflection
Stlth   +            (no ring)
HPRegen 1.03/turn    (no ring)
MPRegen 0.09/turn

%: reflection
@: glowing, very quick
A: very small, no large weapons, unfitting armour, see invisible, speed 3
a: no special abilities


You were on level 3 of the Dungeon.
You visited 1 branch of the dungeon, and saw 3 of its levels.

You collected 79 gold pieces.
You spent 54 gold pieces at shops.

Inventory:

Hand Weapons
 a - a +0 short sword (weapon)
Missiles
 i - 5 curare-tipped darts
 k - 2 boomerangs (quivered)
 n - 6 poisoned darts
Armour
 b - a +0 robe
 d - an orb of light (worn)
 e - a +0 troll leather armour (worn)
Jewellery
 g - an amulet of reflection (around neck)
Scrolls
 h - a scroll of enchant armour {unknown}
 l - 3 scrolls of identify {unknown}
 m - a scroll of noise {unknown}
 q - a scroll of fog {unknown}
 s - 2 scrolls of vulnerability {unknown}
 t - a scroll of enchant weapon {unknown}
Potions
 c - a potion of ambrosia
 f - a potion of mutation {unknown}
 j - a potion of resistance {unknown}
 o - 3 potions of haste {unknown}
 p - 2 potions of curing {unknown}
 r - 2 potions of heal wounds {unknown}


   Skills:
 + Level 2.7 Fighting
 * Level 4.8 Short Blades
 + Level 0.2 Armour
 + Level 4.4 Dodging
 + Level 0.8 Stealth


You had 3 spell levels left.
You didn't know any spells.
Your spell library contained the following spells:

 Spells                   Type           Power      Damage    Failure   Level
 Foxfire                  Conj/Fire      0%         2x1d4     45%         1
 Sting                    Conj/Alch      0%         1d3       45%         1
 Mercury Vapours          Alch/Air       0%         N/A       61%         2
 Olgreb's Toxic Radiance  Alch           0%         N/A       99%         4
 Plasma Beam              Fire/Air       0%         2x1d10    100%        6
 Starburst                Conj/Fire      0%         6d3       100%        6


Dungeon Overview and Level Annotations

Branches:
Dungeon (3/15)

Altars:

Shops:
D:1 =*


Innate Abilities, Weirdness & Mutations

You are very small and have problems with some larger weapons.
You are too small for most types of armour.
You have supernaturally acute eyesight. (SInv)
You cover ground extremely quickly. (Speed+++)


Message History

You completely miss the orc. The orc barely misses you.
You hit the orc but do no damage. The orc hits you with a +0 hand axe.
You hit the orc.
The orc is lightly wounded.
You hit the orc but do no damage.
The orc is lightly wounded.
Throw: 2 boomerangs
Press: ? - help, Q - select action, (/) - cycle Shift-Dir - straight line, f - orc
Aim: an orc, wielding a +0 hand axe and wearing a +0 ring mail (lightly wounded, haloed, 82% to hit)
Okay, then.
You hit the orc but do no damage.
The orc is lightly wounded.
The orc hits you with a +0 hand axe!
You hit the orc.
You kill the orc!
The orc misses you.
Things that are here:
a +0 hand axe; a +0 ring mail Unknown command.
The orc attacks as it pursues you! The orc hits you with a +0 flail.
The ribbon worm expels a string of sticky webbing.
The stream of webbing hits you but does no damage.
You are caught in a web!
There is a web here.
You struggle to detach yourself from the web.
You struggle to detach yourself from the web.
The orc hits you with a +0 flail.
You struggle to detach yourself from the web.
The orc hits you but does no damage.
The web tears apart.
The orc hits you with a +0 flail.
You barely miss the orc priest.
The orc priest hits you with a +0 dagger.
You hit the orc priest.
The orc priest is lightly wounded.
The orc hits you with a +0 flail!
* * * LOW HITPOINT WARNING * * *
The orc priest invokes the aid of Beogh against you.
Pain shoots through your body!
Ouch! That really hurt!
You die...

. ................#
. #.#...#.#######.#
.
###.#...#.....###.#
.................#
#.##.#####..#####.##
.
#...................
. ##[.............##
. ####...######### .
###.@o### ..
######o..## ...
#.....o.o.### ....
#.#####.#.w.# .....
#.###†###o..... #.#
#.))'w..... ..#
#####...... ###
.:?.. o...


You could see a ribbon worm, an orc priest and 3 orcs.

Vanquished Creatures
  An adder (D:1)
  A ribbon worm (D:2)
  A dart slug (D:1)
  3 orcs (D:3)
  5 ball pythons
  6 bats
  3 endoplasms
  3 giant cockroaches
  3 goblins
  3 hobgoblins
  3 jackals (D:2)
  4 quokkas
  2 frilled lizards
  4 kobolds
  10 rats
52 creatures vanquished.

Notes
Turn   | Place    | Note
-------+----------+-------------------------------------------
     0 | D:1      | monsoonserge the Spriggan Monk began the quest for the Orb.
     0 | D:1      | Reached XP level 1. HP: 11/11 MP: 2/2
   171 | D:1      | Reached XP level 2. HP: 16/16 MP: 3/3
   305 | D:1      | Found Hago's Assorted Antiques.
   454 | D:1      | Bought a puce potion for 27 gold pieces
   747 | D:1      | Bought a sedimented ruby potion for 27 gold pieces
   912 | D:1      | Reached XP level 3. HP: 19/19 MP: 4/4
   925 | D:1      | Found Sanoap's Jewellery Shoppe.
  1834 | D:3      | Reached XP level 4. HP: 23/23 MP: 5/5
  1859 | D:3      | Killed from afar by an orc priest

Illustrated notes

Levels and vault maps discovered:
D:1:      zelgadis_glass_arrival_small, layout_loops_corners, serial_shops,
          shop, shop
D:2:      layout_loops_cross
D:3:      layout_basic, serial_shops, shop

Skill      XL: |  1  2 |
---------------+-------+-----
Short Blades   | 4 |  4.8
Fighting       | |  2.7
Armour         | |  0.2
Dodging        | |  4.4
Stealth        | |  0.8

Action                     |  1- 3 |  4- 6 || total
---------------------------+-------+-------++-------
  Melee: Short sword       |   211 |    14 ||   225
  Throw: Boomerang         |     3 |       ||     3
   Stab: Sleeping          |     1 |       ||     1
 Armour: Robe              |     8 |       ||     8
         Troll leather arm |    38 |    10 ||    48
  Dodge: Dodged            |   150 |     5 ||   155
